Map: Winter's Gate LE

Players

SpeCial

  • Race: Terran Terran
  • Spawn Location: 11:00

TIME (Oliveira) - Winner!

  • Race: Terran Terran
  • League: Master
  • Spawn Location: 5:00

Event: NationWars 2019

VOD

Have the link to the VOD?

Description

Time

  • Played on: Nov. 17, 2019, 12:37 p.m.
  • Length: 11:39
Show
View Real Time Build Order
Export as new Build Order

SpeCial Terran 

Build Orders: Cyclone Opening, Mech 

Get SALT Encoding   

  12  0:00  SCV  
  13  0:12  SCV  
  14  0:17  Supply Depot  
  14  0:24  SCV  
  14  0:27  Refinery  
  15  0:38  SCV  
  16  0:44  Barracks  
  16  0:51  SCV  
  16  0:55  Refinery  
  17  1:03  SCV  
  18  1:15  SCV  
  19  1:32  Orbital Command, Reaper  
  20  1:34  Factory  
  20  1:42  Supply Depot  
  20  1:58  SCV  
  21  2:04  Reaper  
  22  2:10  SCV  
  23  2:18  Hellion  
  25  2:25  Command Center  
  25  2:26  SCV  
  26  2:34  Supply Depot  
  26  2:38  Barracks Reactor  
  26  2:39  Factory Tech Lab  
  26  2:40  SCV  
  27  2:52  SCV  
  27  2:54  Starport  
  28  2:59  Cyclone  
  28  3:04  SCV  
  32  3:15  Marine x2  
  32  3:17  SCV  
  35  3:25  Refinery  
  35  3:29  SCV  
  35  3:33  Marine x2  
  38  3:37  Orbital Command  
  38  3:40  Raven  
  38  3:41  Factory Tech Lab, SCV  
  41  3:50  Marine  
  41  3:51  Marine  
  41  3:54  SCV  
  44  3:59  Refinery  
  44  4:00  Siege Tank  
  44  4:11  Marine x2  
  44  4:13  SCV x2  
  48  4:25  SCV x2  
  48  4:34  Raven  
  48  4:37  SCV x2  
  52  4:43  Siege Tank  
  53  4:47  Supply Depot  
  53  4:49  SCV  
  54  4:53  Factory  
  54  4:56  Factory  
  54  4:59  Barracks Reactor  
  54  5:07  Supply Depot  
  54  5:08  SCV x2  
  54  5:09  Supply Depot  
  56  5:16  Siege Tank  
  56  5:21  SCV x2  
  61  5:32  Supply Depot  
  61  5:33  SCV  
  62  5:39  Viking x2, Hellion x2  
  70  5:45  SCV  
  70  5:46  SCV  
  70  5:49  Siege Tank x2  
  78  5:55  Supply Depot  
  78  5:58  SCV x2, Supply Depot  
  78  6:02  Hellion x2  
  83  6:12  Viking  
  83  6:17  SCV x2, Viking  
  89  6:20  Supply Depot  
  89  6:26  Siege Tank  
  89  6:29  Siege Tank  
  95  6:33  Hellion  
  95  6:37  Hellion  
  99  6:44  Viking  
  101  6:47  Viking  
  101  6:52  SCV, Supply Depot  
  101  6:53  SCV  
  104  6:59  Hellion x2  
  108  7:14  Viking  
  110  7:17  Viking  
  112  7:23  Command Center  
  112  7:35  Siege Tank  
  87  7:44  Viking  
  87  7:47  SCV, Viking  
  87  7:51  Hellion x2  
  90  7:52  SCV  
  89  7:59  SCV  
  89  8:01  Barracks  
  90  8:06  SCV  
  90  8:11  SCV  
  90  8:12  Hellion x2  
  96  8:13  Siege Tank x2  
  96  8:18  SCV  
  101  8:23  Viking x2  
  101  8:25  SCV  
  106  8:31  SCV  
  106  8:33  Hellion  
  109  8:35  Hellion  
  111  8:45  Siege Tank x2  
  111  8:46  SCV x2  
  119  8:55  Hellion  
  114  8:58  Viking x2  
  114  9:00  SCV  
  114  9:04  Orbital Command, Hellion  
  114  9:05  SCV  
  117  9:12  SCV  
  117  9:16  Hellion  
  120  9:17  SCV  
  120  9:20  Cyclone, Factory  
  120  9:21  Factory  
  120  9:23  Cyclone  
  127  9:26  SCV  
  127  9:29  Viking  
  127  9:31  Viking  
  132  9:38  Supply Depot  
  132  9:41  Hellion  
  132  9:43  Refinery  
  132  9:44  Refinery  
  134  9:59  Viking  
  136  10:02  Siege Tank x2  
  144  10:07  SCV x2  
  144  10:09  SCV  
  145  10:15  Factory Tech Lab, Factory Reactor  
  145  10:19  Hellion x2  
  147  10:32  SCV  
  147  10:35  Siege Tank x2  
  149  10:41  Supply Depot  
  149  10:42  Supply Depot  
  149  10:43  SCV  
  129  10:53  Viking x2  
  108  11:04  Hellion x2  
  108  11:05  Siege Tank, Hellion x2  
  108  11:06  SCV x2  
  108  11:10  SCV  
  124  11:18  SCV  
  124  11:20  SCV  
Show
View Real Time Build Order
Export as new Build Order

TIME Terran - Winner!

Build Orders:  

Get SALT Encoding   

  12  0:01  SCV  
  13  0:13  SCV  
  14  0:17  Supply Depot  
  14  0:25  SCV  
  15  0:31  Refinery  
  15  0:39  SCV  
  16  0:44  Barracks  
  16  0:51  SCV  
  17  0:57  Refinery  
  17  1:03  SCV  
  18  1:15  SCV  
  19  1:32  Orbital Command  
  19  1:34  Factory  
  19  1:37  Reaper  
  20  1:48  Supply Depot  
  20  1:57  SCV  
  21  2:09  Reaper  
  21  2:14  SCV  
  23  2:19  Hellion  
  25  2:29  Command Center  
  25  2:31  SCV  
  26  2:40  Widow Mine  
  26  2:43  Starport  
  28  2:48  Barracks Reactor  
  28  2:49  SCV  
  29  2:57  Supply Depot  
  29  3:01  SCV  
  29  3:02  Factory Tech Lab  
  30  3:14  SCV  
  31  3:26  SCV, Marine  
  31  3:27  Refinery, Marine  
  33  3:28  Factory Tech Lab  
  33  3:29  Raven  
  36  3:38  SCV  
  36  3:41  Orbital Command  
  37  3:47  Cyclone, Marine  
  41  3:49  Marine  
  41  3:51  SCV  
  43  4:05  Marine  
  43  4:06  SCV x2  
  44  4:15  Raven  
  44  4:18  SCV  
  44  4:22  SCV  
  44  4:25  Marine  
  44  4:31  SCV  
  44  4:33  Siege Tank  
  44  4:34  SCV, Marine  
  44  4:35  Supply Depot  
  49  4:43  SCV  
  50  4:46  SCV  
  52  4:54  Command Center  
  52  4:55  SCV  
  52  4:57  Supply Depot  
  52  5:04  SCV  
  53  5:08  Siege Tank  
  53  5:09  SCV  
  53  5:10  Supply Depot  
  53  5:14  Viking x2  
  61  5:17  SCV  
  61  5:19  Stimpack  
  62  5:21  SCV  
  62  5:24  Supply Depot  
  62  5:25  Marine  
  64  5:29  SCV  
  64  5:33  SCV  
  66  5:40  Siege Tank  
  66  5:41  SCV  
  70  5:43  Supply Depot  
  70  5:45  SCV, Viking  
  73  5:54  Barracks x2  
  73  5:55  Refinery  
  73  5:57  Viking  
  73  5:59  SCV  
  73  6:00  Marine  
  73  6:02  SCV  
  78  6:09  Orbital Command  
  77  6:15  Siege Tank  
  77  6:16  SCV x2  
  82  6:20  Viking  
  83  6:28  SCV x2  
  85  6:34  Viking, Marine  
  85  6:35  Engineering Bay x2  
  85  6:36  SCV  
  89  6:40  SCV  
  89  6:42  SCV  
  89  6:44  Supply Depot  
  89  6:46  Barracks Reactor, Barracks Tech Lab  
  91  6:48  SCV  
  91  6:50  Viking  
  91  6:51  Siege Tank  
  96  6:55  SCV, Marauder  
  96  6:56  SCV  
  100  7:03  SCV  
  100  7:07  SCV, Viking  
  104  7:09  Terran Infantry Weapons Level 1  
  104  7:14  SCV  
  104  7:22  Viking  
  105  7:23  Marine  
  105  7:24  Marauder, Marine  
  109  7:35  Marine  
  99  7:38  Siege Tank  
  99  7:39  SCV  
  99  7:41  Marine x2  
  99  7:43  Liberator  
  100  7:45  SCV  
  100  7:46  Marauder  
  100  7:47  Combat Shield  
  100  7:49  SCV  
  100  7:50  Barracks  
  100  7:51  Barracks  
  104  7:53  SCV, Marauder  
  104  7:56  Refinery  
  104  7:57  SCV  
  105  7:59  Supply Depot, Marine x2  
  105  8:00  Supply Depot  
  105  8:02  SCV  
  111  8:05  SCV  
  111  8:07  Marauder  
  111  8:08  Refinery  
  111  8:10  Command Center  
  114  8:14  Marine  
  114  8:16  Terran Infantry Armor Level 1  
  114  8:17  SCV, Marine  
  117  8:23  Siege Tank  
  117  8:24  Marine  
  115  8:27  SCV  
  115  8:28  Marauder  
  115  8:31  Medivac  
  115  8:33  Marauder  
  115  8:34  SCV  
  122  8:35  Marine  
  122  8:39  Barracks Reactor  
  122  8:40  Barracks Tech Lab  
  123  8:42  Marine  
  123  8:45  Armory  
  123  8:46  SCV, Supply Depot x2  
  124  8:49  Marine  
  124  8:53  Marine  
  124  8:54  Marauder  
  127  9:01  Marine  
  127  9:02  Marauder  
  125  9:03  Siege Tank, Medivac  
  125  9:07  SCV x2, Marauder  
  134  9:11  SCV, Marine  
  134  9:15  Medivac, Marine  
  139  9:18  Supply Depot, Factory  
  139  9:19  Marine, Concussive Shells  
  139  9:20  Marine  
  139  9:23  SCV, Marauder  
  144  9:25  SCV  
  144  9:27  SCV  
  144  9:29  Marauder  
  144  9:30  Marine  
  149  9:32  Marine  
  149  9:33  Marauder  
  149  9:34  Supply Depot, Terran Vehicle Weapons Level 1  
  152  9:43  Marine  
  152  9:44  Marine  
  152  9:45  Marauder  
  155  9:47  SCV x2  
  155  9:51  Planetary Fortress  
  155  9:52  Supply Depot, Marine x2  
  158  10:01  Marine  
  158  10:02  Marauder, Marine  
  158  10:03  Factory Tech Lab  
  162  10:09  Viking x2  
  162  10:10  Marine  
  162  10:11  Marauder, Marine  
  162  10:12  Marauder  
  162  10:14  SCV x2  
  174  10:15  Refinery  
  174  10:16  Refinery  
  174  10:23  Marine x2  
  174  10:24  Marauder  
  175  10:34  Marauder, Marine x2  
  175  10:41  Marine x2  
  175  10:42  Siege Tank x2  
  183  10:45  Marauder  
  183  10:49  Viking  
  177  10:54  Marine x3  
  177  10:56  Marauder  
  145  10:59  Marine x2  
  142  11:06  SCV  
  142  11:07  SCV, Marauder  
  142  11:08  SCV  
  147  11:11  Marine x2  
  147  11:12  Marine  
  147  11:16  SCV  
  147  11:17  Marauder, Marine  
  139  11:26  SCV  
Tags
 
Composition
Mech
League
Master
Matchup
TvT
Race
Terran
Spawn Locations
Cross Positions
Add a new tag
Caveats
  • Supply blocks, unpowered buildings, or Contaminate may cause inaccurate times.
  • Supply counts are checked every 10 seconds.